 Dungeon Crawl Stone Soup version 0.16.1-51-g6203257 (webtiles) character file.

224 teebee the Skirmisher (level 6, -4/57 HPs)
             Began as a Hill Orc Fighter on Aug 11, 2015.
             Killed by nerve-wracking pain
             ... invoked by Grinder
              (7 damage)
             ... on level 3 of the Dungeon.
             The game lasted 00:06:26 (1682 turns).

teebee the Skirmisher (Hill Orc Fighter)            Turns: 1682, Time: 00:06:26

Health: -4/57      AC:  6    Str: 20    XL:     6   Next: 0%
Magic:  6/6        EV: 10    Int:  8    God:
Gold:   125        SH:  0    Dex: 11    Spells: 0 memorised, 5 levels left

rFire  . . .     SeeInvis .     a - +0 long sword
rCold  . . .     Clarity  .     b - +0 scale mail
rNeg   . . .     SustAb   .     (no shield)
rPois  .         Gourm    .     (no helmet)
rElec  .         Spirit   .     (no cloak)
rCorr  .         Warding  .     (no gloves)
rMut   .         Stasis   .     (no boots)
MR     .....                    (no amulet)
Stlth  ..........               (no ring)
                                (no ring)

@: very slightly contaminated, hasted, very quick, not resistant to hostile
enchantments, extremely unstealthy
A: no striking features
a: no special abilities


You were on level 3 of the Dungeon.
You were not hungry.

You visited 1 branch of the dungeon, and saw 3 of its levels.

You collected 125 gold pieces.

Inventory:

Hand weapons
 a - a +0 long sword (weapon)
 y - a +0 hunting sling
Missiles
 m - 19 arrows of flame
 n - 27 bolts
Armour
 b - a +0 scale mail (worn)
 c - a +0 shield
 x - a cursed +0 pair of gloves
 z - a +0 plate armour
 A - a +0 helmet
Magical devices
 p - a wand of polymorph (7)
Scrolls
 e - a scroll of recharging {unknown}
 f - a scroll of random uselessness {unknown}
 k - a scroll of fog
 l - a scroll of blinking
 o - a scroll of enchant armour {unknown}
 t - a scroll of remove curse
 u - a scroll of magic mapping {unknown}
Potions
 g - 2 potions of curing
 q - a potion of restore abilities {unknown}
 s - a potion of cure mutation {unknown}
 v - a potion of cancellation {unknown}
 w - a potion of haste
Comestibles
 d - a meat ration
 h - 2 fruits
 i - 2 chunks of flesh
 j - 2 bread rations
 r - a beef jerky


   Skills:
 * Level 5.9 Fighting
 * Level 4.5 Long Blades
 - Level 3.2 Armour
 - Level 1.2 Dodging
 - Level 0.1 Stealth
 - Level 3.2 Shields


You had 5 spell levels left.
You didn't know any spells.

Dungeon Overview and Level Annotations

Branches:
Dungeon (3/15)

Altars:
Ru
Xom

Annotations:
D:3 Grinder, Natasha


Message History

You are very lightly contaminated with residual magic.
You hit Grinder.
Grinder is heavily wounded.
Grinder hits you.
* * * LOW HITPOINT WARNING * * *
You writhe in agony.
* * * LOW HITPOINT WARNING * * *
You closely miss Grinder.
Grinder is heavily wounded.
Grinder hits you.
* * * LOW HITPOINT WARNING * * *
You hit Grinder.
Grinder is heavily wounded.
Grinder hits you.
* * * LOW HITPOINT WARNING * * *
You writhe in agony.
* * * LOW HITPOINT WARNING * * *
Grinder gestures at you. Pain shoots through your body!
You die...

#.# #)#####.#. # #.# #.#
#.##. %. #.# #.# ## ## #.
#.# #5# # #. ####.###.#
#. #. #..... ..# ## #.
#.##.##.# ###
...###.#...#.############
#.......@................
#.##.......#.############
.?..........5>#
####.....##### #.....#
......### ######


You could see Grinder.

Vanquished Creatures
  The ghost of casanoah the Ruffian, an average TrMo (D:3)
  Sigmund (D:2)
  An adder skeleton (D:3)
  2 giant geckos
  An ooze (D:2)
  2 giant cockroaches (D:3)
  6 goblins
  11 hobgoblins
  A quokka (D:3)
  A ball python (D:1)
  3 bats
  2 giant newts
  3 jackals (D:2)
  10 kobolds
  5 rats
50 creatures vanquished.

Notes
Turn   | Place    | Note
--------------------------------------------------------------
     0 | D:1      | teebee, the Hill Orc Fighter, began the quest for the Orb.
     0 | D:1      | Reached XP level 1. HP: 19/19 MP: 1/1
   121 | D:1      | Found a shimmering altar of Xom.
   163 | D:1      | Reached skill level 4 in Fighting
   163 | D:1      | Reached XP level 2. HP: 22/27 MP: 2/2
   686 | D:2      | Reached XP level 3. HP: 28/33 MP: 3/3
   753 | D:2      | Noticed Sigmund
   782 | D:2      | Killed Sigmund
   782 | D:2      | Reached skill level 5 in Fighting
   782 | D:2      | Reached skill level 1 in Dodging
   782 | D:2      | Reached XP level 4. HP: 35/42 MP: 4/4
   927 | D:2      | Found a sacrificial altar of Ru.
  1155 | D:2      | Reached XP level 5. HP: 45/48 MP: 5/5
  1365 | D:3      | Noticed casanoah's ghost (average TrMo)
  1376 | D:3      | Killed casanoah's ghost
  1539 | D:3      | Noticed Natasha
  1585 | D:3      | Reached XP level 6. HP: 53/57 MP: 6/6
  1605 | D:3      | Noticed Grinder
  1616 | D:3      | Paralysed by Grinder for 7 turns
  1672 | D:3      | Paralysed by Grinder for 3 turns
  1682 | D:3      | Killed from afar by Grinder

Action                   |  1- 3 |  4- 6 || total
-------------------------+-------+-------++-------
Melee: Long sword        |    84 |    84 ||   168
       Unarmed           |    15 |       ||    15
  Use: Scroll            |       |     3 ||     3
       Potion            |       |     3 ||     3
  Eat: Chunk             |       |     3 ||     3
